 Dungeon Crawl Stone Soup version 0.20-a0-19-gd4fea00 (webtiles) character file.

23237 KristoblXynda the Cruncher (level 12, -39/92 HPs)
             Began as a Demonspawn Gladiator on Nov 5, 2016.
             Was an Elder of Yredelemnul.
             Killed from afar by a wolf spider zombie (45 damage)
             ... with an exploding inner flame
             ... animated by the player character
             ... hexed by the player character
             ... on level 4 of the Lair of Beasts.
             The game lasted 00:50:36 (14897 turns).

KristoblXynda the Cruncher (Demonspawn Gladiator)  Turns: 14897, Time: 00:50:37

Health: -39/92     AC: 24    Str: 16    XL:     12   Next: 70%
Magic:  15/17      EV: 19    Int: 12    God:    Yredelemnul [****..]
Gold:   681        SH:  0    Dex: 19    Spells: 0 memorised, 11 levels left

rFire  . . .     SeeInvis .     a - +4 quarterstaff (drain)
rCold  . . .     Gourm    .     K - +4 swamp dragon scales
rNeg   . . .     Faith    .     (shield currently unavailable)
rPois  +         Spirit   .     L - +2 hat {MR+}
rElec  .         Reflect  .     J - +0 cloak of the Arcane {*Drain +Blink +Fly rPois} (curse)
rCorr  +         Harm     .     g - +2 pair of gloves {Dex+3}
MR     +....                    (no boots)
Stlth  +.........               (no amulet)
                                k - +2 ring of protection
                                q - ring of resist corrosion

@: no status effects
A: talons 2, rugged brown scales 2, demonic guardian 2, powered by death 1
a: Recall Undead Slaves, Injury Mirror, Animate Dead, Drain Life, Renounce
Religion, Evoke Blink, Evoke Flight


You were on level 4 of the Lair of Beasts.
You worshipped Yredelemnul.
Yredelemnul was greatly pleased with you.
You were not hungry.

You visited 4 branches of the dungeon, and saw 18 of its levels.
You also visited: Ossuary.

You collected 1154 gold pieces.
You spent 473 gold pieces at shops.

Inventory:

Hand Weapons
 a - a +4 quarterstaff of draining (weapon)
Missiles
 d - 4 throwing nets (quivered)
 F - 3 javelins of returning
Armour
 g - a +2 pair of gloves of dexterity (worn)
 J - the cursed +0 cloak of the Arcane (worn) {*Drain +Blink +Fly rPois}
   (You bought it in a shop on level 10 of the Dungeon)

   It protects you from poison.
   It lets you fly.
   It lets you blink.
   It causes draining when unequipped.
   It has a curse placed upon it.
 K - +4 swamp dragon scales (worn)
 L - a +2 hat of magic resistance (worn)
Jewellery
 b - an uncursed ring of protection from magic
 k - a +2 ring of protection (right hand)
 l - an uncursed ring of poison resistance
 q - a ring of resist corrosion (left hand)
Wands
 j - a wand of confusion (26/48)
 p - a wand of iceblast (4/15)
 y - a wand of paralysis (1/24)
Scrolls
 i - 8 scrolls of immolation
 n - 6 scrolls of remove curse
 t - 4 scrolls of recharging
 u - 3 scrolls of teleportation
 v - 3 scrolls of magic mapping
 w - 6 scrolls of amnesia
 x - a scroll of fear
 G - 5 scrolls of identify
 I - a scroll of brand weapon
Potions
 e - 7 potions of curing
 h - 2 potions of brilliance
 m - 2 potions of magic
 r - 3 potions of flight
 s - 4 potions of agility
 A - 2 potions of might
 B - 3 potions of mutation
 D - a potion of haste
 E - 3 potions of ambrosia
 H - 2 potions of heal wounds
Books
 o - a book of Misfortune

   Spells                             Type                      Level
   a - Confusing Touch                Hexes                        1
   b - Confuse                        Hexes                        3
   c - Gell's Gravitas                Hexes/Translocation          3
   d - Petrify                        Transmutation/Earth          4
   e - Metabolic Englaciation         Hexes/Ice                    5
   f - Yara's Violent Unravelling     Hexes/Transmutation          5
 C - a book of Frost

   Spells                             Type                      Level
   a - Freeze                         Ice                          1
   b - Throw Frost                    Conjuration/Ice              2
   c - Ozocubu's Armour               Charms/Ice                   3
   d - Throw Icicle                   Conjuration/Ice              4
   e - Summon Ice Beast               Ice/Summoning                4
Comestibles
 c - 10 fruits
 f - 2 bread rations
 z - 6 meat rations


   Skills:
 + Level 6.2 Fighting
 + Level 11.6 Staves
 - Level 1.7 Throwing
 + Level 8.7 Armour
 - Level 10.7 Dodging
 - Level 7.0 Invocations
 - Level 5.5 Evocations


You had 11 spell levels left.
You didn't know any spells.

Dungeon Overview and Level Annotations

Branches:
Dungeon (11/15)            Temple (1/1) D:5            Lair (4/6) D:9
  Swamp (0/4) Lair:3       Spider (0/4) Lair:4          Orc (2/2) D:11
    Elf: Orc:2

Altars:
Ashenzari
Cheibriados
Dithmenos
Elyvilon
Fedhas
Gozag
Hepliaklqana
Kikubaaqudgha
Makhleb
Nemelex Xobeh
Okawaru
Qazlal
Sif Muna
Trog
Uskayaw
Vehumet
Xom
Yredelemnul
Zin
The Shining One
Beogh

Shops:
D:5 *   D:10 [


Innate Abilities, Weirdness & Mutations

You have razor-sharp toenails.
You are mostly covered in rugged brown scales. (AC +2, +5% HP)
A demonic guardian rushes to your aid.
You regenerate a little health from kills.


Message History

The fiery explosion engulfs your porcupine zombie.
Your porcupine zombie explodes!
The fiery explosion engulfs the blink frog zombie.
The blink frog zombie explodes!
The fiery explosion engulfs your worker ant.
Your worker ant is almost dead.
The fiery explosion engulfs you!
* * * LOW HITPOINT WARNING * * *
The fiery explosion engulfs your blink frog zombie.
Your blink frog zombie is severely damaged.
The fiery explosion engulfs the worker ant.
You kill the worker ant!
The worker ant's corpse disappears in a puff of smoke!
The fiery explosion engulfs you!
* * * LOW HITPOINT WARNING * * *
The fiery explosion engulfs the wolf spider zombie.
The wolf spider zombie explodes!
The fiery explosion engulfs you!
You die...
Your body rises from the dead as a mindless zombie.

## ### ###### ####.##.###
#.#..###. ..........##
###P.......#
...........###.##.≈≈≈≈≈.#
..............§§§§≈≈≈≈≈.#
...............§§Z§≈≈≈≈..
....(.........§§@§y≈≈≈≈.P
.Z..♣..........Z§yZ≈≈≈≈.#
.....♣.......P.Z§§yZZ...#
................Z§§y.....
................ZZy.yy..#
.≈...............Z.......
..P...................y..
.................#####y##
.................# ..


You could see 9 killer bees, a porcupine zombie (inner flame), an elephant
zombie (inner flame), 3 blink frog zombies, a friendly water moccasin zombie
(inner flame), a friendly bullfrog zombie (inner flame), a friendly blink frog
zombie (inner flame), a friendly killer bee zombie (inner flame) and a friendly
meliai zombie (inner flame).

Vanquished Creatures
  Gastronok (Lair:2)
  2 hydras
  2 unseen horrors
  A wolf spider (Lair:4)
  3 elephants (Lair:4)
  A spiny frog (Lair:2)
  A centaur skeleton (D:11)
  A komodo dragon (Lair:1)
  A freezing wraith (D:11)
  2 meliai (Lair:4)
  3 hippogriffs
  12 blink frogs
  A wyvern (Lair:4)
  A redback (Lair:4)
  A water elemental (D:11)
  4 yaks
  A basilisk (Lair:1)
  A hungry ghost (D:11)
  2 wargs (Orc:1)
  4 porcupines
  An ice beast (D:10)
  A sky beast (D:11)
  2 black bears
  5 ogres
  A blink frog zombie (Lair:4)
  6 wolves
  6 centaurs
  A big kobold (D:9)
  9 bullfrogs
  A wyvern skeleton (D:9)
  A scorpion (Lair:3)
  7 wights
  5 killer bees
  5 electric eels (D:11)
  A howler monkey (D:6)
  3 crimson imps
  A centaur zombie (Ossuary)
  2 hounds (D:4)
  A human zombie (Ossuary)
  A jelly (D:8)
  A bullfrog skeleton (D:10)
  Terence (D:2)
  2 iguanas
  Natasha (twice) (D:2)
  5 worker ants
  A killer bee zombie (D:10)
  3 big kobold zombies (Ossuary)
  2 hound skeletons
  4 mummies (Ossuary)
  17 adders
  2 shadow imps
  An adder skeleton (D:5)
  4 worms
  3 dart slugs
  A leopard gecko (D:4)
  9 orcs
  5 giant cockroaches
  16 goblins
  3 hobgoblins (D:2)
  9 jackals
  4 quokkas
  6 bats
  5 frilled lizards
  A goblin zombie (Ossuary)
  12 kobolds
  A leopard gecko skeleton (D:4)
  An orc zombie (Ossuary)
  8 rats
  A rat zombie (D:7)
235 creatures vanquished.

Vanquished Creatures (collateral kills)
  Harold (Lair:1)
  Erolcha (D:11)
  Sonja (Lair:2)
  Pikel (D:8)
  An ugly thing (D:11)
  A wolf spider (Lair:4)
  3 elephants (Lair:4)
  A spiny frog (Lair:1)
  2 komodo dragons
  2 trolls
  A two-headed ogre (D:9)
  2 jumping spiders (Lair:4)
  A hornet (D:9)
  20 blink frogs
  2 hippogriffs
  A wyvern (D:9)
  11 yaks
  Grum (D:8)
  3 porcupines
  4 water moccasins
  An ogre (Orc:1)
  2 necrophages (D:6)
  An orc warrior (Orc:1)
  A sky beast (D:6)
  7 wolves
  A crocodile (Lair:3)
  6 bullfrogs
  A scorpion (D:9)
  A wight (D:9)
  3 killer bees (Lair:4)
  A howler monkey (D:9)
  2 electric eels
  A jelly (D:9)
  An orc priest (Orc:1)
  A hound (D:9)
  Natasha (D:2)
  4 orcs
  A hobgoblin (D:2)
  2 jackals (D:9)
  17 fungi
  6 plants
121 creatures vanquished.

Vanquished Creatures (others)
  An orc warrior (D:9)
  An elephant zombie (Lair:4)
  2 slaves (D:8)
  A blink frog zombie (Lair:4)
  A hippogriff zombie (Lair:4)
  A yak zombie (Lair:2)
  A wolf zombie (Lair:3)
  A bullfrog zombie (Lair:4)
  A kobold zombie (Lair:2)
  An orc priest (D:9)
  A bullfrog skeleton (D:9)
  A porcupine zombie (Lair:4)
  A killer bee zombie (Lair:4)
  A mummy (Lair:4)
  2 orcs (D:9)
  2 fungi (Lair:2)
  A plant (Lair:2)
20 creatures vanquished.

Grand Total: 376 creatures vanquished

Notes
Turn   | Place    | Note
-------+----------+-------------------------------------------
     0 | D:1      | KristoblXynda the Demonspawn Gladiator began the quest for the Orb.
     0 | D:1      | Reached XP level 1. HP: 16/16 MP: 1/1
   101 | D:1      | Gained mutation: You are partially covered in rugged brown scales. (AC +1, +3% HP) [demonic ancestry]
   101 | D:1      | Reached XP level 2. HP: 6/22 MP: 2/2
   250 | D:1      | Reached skill level 3 in Staves
   762 | D:2      | Gained mutation: A weak demonic guardian rushes to your aid. [demonic ancestry]
   762 | D:2      | Reached XP level 3. HP: 27/27 MP: 3/3
   815 | D:2      | Reached skill level 1 in Armour
   823 | D:2      | Noticed Natasha
   832 | D:2      | Killed Natasha
   970 | D:2      | Gained mutation: You have sharp toenails. [demonic ancestry]
   970 | D:2      | Reached XP level 4. HP: 15/33 MP: 4/4
  1193 | D:2      | Noticed Terence
  1203 | D:2      | Noticed Natasha
  1205 | D:2      | Killed Terence
  1215 | D:2      | Killed Natasha
  1449 | D:2      | Noticed Natasha
  1460 | D:2      | Killed Natasha
  1460 | D:2      | Gained mutation: You are mostly covered in rugged brown scales. (AC +2, +5% HP) [demonic ancestry]
  1460 | D:2      | Reached XP level 5. HP: 19/39 MP: 5/5
  1941 | D:3      | Found a blossoming altar of Fedhas.
  2057 | D:3      | Found a shadowy altar of Dithmenos.
  2329 | D:3      | Reached skill level 4 in Staves
  2742 | D:4      | Noticed an ogre
  2743 | D:4      | Noticed an ogre
  2757 | D:4      | Killed an ogre
  2757 | D:4      | Reached XP level 6. HP: 36/46 MP: 6/6
  2886 | D:4      | Found a shattered altar of Ashenzari.
  3040 | D:4      | Found an opulent altar of Gozag.
  3226 | D:4      | Gained mutation: A demonic guardian rushes to your aid. [demonic ancestry]
  3226 | D:4      | Reached XP level 7. HP: 37/52 MP: 7/7
  3265 | D:4      | Found a basalt altar of Yredelemnul.
  3288 | D:4      | Found a glowing golden altar of the Shining One.
  3364 | D:4      | Became a worshipper of Yredelemnul the Dark
  3410 | D:5      | Entered Level 5 of the Dungeon
  3471 | D:5      | Found a hide-covered altar of Uskayaw.
  3711 | D:5      | Found a burning altar of Makhleb.
  3716 | D:5      | Reached skill level 5 in Dodging
  3854 | D:5      | Reached skill level 5 in Staves
  4065 | D:5      | Found a staircase to the Ecumenical Temple.
  4073 | Temple   | Entered the Ecumenical Temple
  4358 | D:5      | Found Usixoen's General Store.
  4361 | D:5      | Bought a +1 pair of gloves of dexterity for 198 gold pieces
  4531 | D:5      | Found a hazy altar of Hepliaklqana.
  5000 | D:6      | Gained mutation: You have razor-sharp toenails. [demonic ancestry]
  5000 | D:6      | Reached XP level 8. HP: 58/58 MP: 8/8
  5063 | D:6      | Found a burning altar of Makhleb.
  5234 | D:7      | Found a radiant altar of Vehumet.
  5473 | D:7      | Found a sand-covered staircase.
  5483 | Ossuary  | Entered an ossuary
  5510 | Ossuary  | Reached skill level 6 in Staves
  5510 | Ossuary  | Reached skill level 5 in Armour
  5528 | Ossuary  | Reached * piety under Yredelemnul
  5862 | D:7      | Found an iron altar of Okawaru.
  6416 | D:8      | Noticed Pikel
  6427 | D:8      | Killed Pikel
  6436 | D:8      | Noticed Grum
  6438 | D:8      | Reached XP level 9. HP: 64/64 MP: 9/9
  6444 | D:8      | Killed Grum
  6561 | D:8      | You fall through a shaft!
  6573 | D:9      | Reached skill level 7 in Staves
  7142 | D:9      | Paralysed by a hornet for 1 turns
  7567 | D:9      | Found a staircase to the Lair.
  7582 | Lair:1   | Entered Level 1 of the Lair of Beasts
  7737 | D:9      | Reached ** piety under Yredelemnul
  7983 | D:9      | Found a stormy altar of Qazlal.
  8064 | D:9      | Reached skill level 1 in Invocations
  8421 | D:10     | Entered Level 10 of the Dungeon
  8448 | D:10     | Reached skill level 8 in Staves
  8453 | D:10     | Found Wadawirch's Antique Armour Shoppe.
  8883 | D:10     | Noticed a troll
  8889 | D:10     | Killed a troll
  8889 | D:10     | Reached XP level 10. HP: 63/70 MP: 12/12
  9095 | D:10     | Killed an unseen horror
  9477 | D:10     | Bought a blackened cloak for 275 gold pieces
  9488 | D:10     | Identified the cursed +0 cloak of the Arcane {*Drain +Blink +Fly rPois} (You bought it in a shop on level 10 of the Dungeon)
  9873 | D:11     | Got a bronze leather armour
  9885 | D:11     | Identified the +0 leather armour "Suori" {rElec rF+} (You found it on level 11 of the Dungeon)
 10263 | D:11     | Reached skill level 5 in Invocations
 10412 | D:11     | Noticed Erolcha
 10429 | D:11     | Killed Erolcha
 10572 | D:11     | Killed an unseen horror
 10572 | D:11     | Reached skill level 9 in Staves
 10780 | D:11     | Found a staircase to the Orcish Mines.
 10803 | D:11     | Noticed a cyan ugly thing
 10814 | D:11     | Killed a cyan ugly thing
 10888 | D:11     | Reached skill level 1 in Evocations
 11564 | Orc:1    | Entered Level 1 of the Orcish Mines
 11621 | Orc:1    | Found a roughly hewn altar of Beogh.
 11675 | Orc:1    | Gained mutation: You regenerate a little health from kills. [demonic ancestry]
 11675 | Orc:1    | Reached XP level 11. HP: 72/75 MP: 16/16
 11848 | Orc:2    | Entered Level 2 of the Orcish Mines
 12289 | Lair:1   | Noticed Harold
 12302 | Lair:1   | Killed Harold
 12341 | Lair:1   | Reached *** piety under Yredelemnul
 12944 | Lair:2   | Reached skill level 10 in Dodging
 12955 | Lair:2   | Reached skill level 10 in Staves
 13067 | Lair:2   | Noticed Gastronok
 13077 | Lair:2   | Killed Gastronok
 13116 | Lair:2   | Noticed Sonja
 13124 | Lair:2   | Killed Sonja
 13124 | Lair:2   | Reached skill level 5 in Evocations
 13365 | Lair:2   | Your ally Sonja died
 13442 | Lair:2   | Received a gift from Yredelemnul (a wight)
 13783 | Lair:3   | Noticed an eight-headed hydra
 13790 | Lair:3   | Killed a nine-headed hydra
 13880 | Lair:3   | Reached XP level 12. HP: 85/85 MP: 14/17
 14001 | Lair:3   | Reached **** piety under Yredelemnul
 14170 | Lair:3   | Found a staircase to the Swamp.
 14194 | Lair:3   | Received a gift from Yredelemnul (a wight)
 14208 | Lair:3   | Reached skill level 11 in Staves
 14445 | Lair:4   | Received a gift from Yredelemnul (a mummy)
 14504 | Lair:4   | Noticed a four-headed hydra
 14514 | Lair:4   | Killed a four-headed hydra
 14601 | Lair:4   | Reached skill level 5 in Fighting
 14747 | Lair:4   | Found a hole to the Spider Nest.
 14897 | Lair:4   | Killed from afar by a wolf spider zombie

Vault maps used:
D:1:      eino_arrival_water_star
D:2:      minmay_small_reverse_x, uniq_terence, uniq_natasha
D:3:      nicolae_dithmenos_through_a_glass_darkly, fedhas_altar_1,
          roderic_cross_of_infinity
D:4:      tso_altar, kennysheep_mini_moat, overflow_temple_1_default,
          kennysheep_little_box, first_bread
D:5:      marbit_many_paths, nicolae_overflow_crystal_walls,
          nicolae_overflow_hidden_temple, serial_shops, kennysheep_mini
D:6:      makhleb_blood_cavern_becter
D:7:      lemuel_doored_altar, basic_altar, enter_ossuary_3
D:8:      kennysheep_ambush_hall, hangedman_ru_absence, uniq_pikel,
          uniq_prince_ribbit1, uniq_grum, uniq_maurice
D:9:      kennysheep_blocky_hall, nicolae_qazlal_eye_of_the_storm, lair_0_dummy
D:10:     serial_shops, shop
D:11:     orc_0_dummy, uniq_erolcha
Temple:   compressed_dpeg_triangle_lava_temple
Lair:1:   minmay_stone_trees_small, serial_bayou_shore_b, uniq_harold
Lair:2:   uniq_gastronok, uniq_sonja
Lair:3:   swamp_mist, grunt_megastairs_2, infiniplex_staircase_pool_2
Lair:4:   spider_nest_entry_funnel_web, special_room, st_stairs_4,
          grunt_forest_small_clearings, serial_bayou_lagoon_b,
          grunt_megastairs_3
Orc:1:    basic_altar
Orc:2:    pubby_orc_utopia, uniq_josephine
Ossuary:  ossuary_crypta

Skill      XL: |  1  2  3  4  5  6  7  8  9 10 11 12 |
---------------+-------------------------------------+-----
Dodging        | 3 4 5 6 8 9 10 | 10.7
Staves         | 3 4 5 6 8 9 10 11 | 11.6
Armour         | 1 2 3 4 6 7 8 |  8.7
Invocations    | 3 7 |  7.0
Evocations     | 1 5 |  5.5
Fighting       | 3 6 |  6.2
Throwing       | |  1.7

Action                   |  1- 3 |  4- 6 |  7- 9 | 10-12 || total
-------------------------+-------+-------+-------+-------++-------
Melee: Quarterstaff      |   106 |   222 |   438 |   499 ||  1265
       Kick              |       |    61 |   147 |   190 ||   398
Invok: Animate Remains   |       |       |       |    10 ||    10
       Animate Dead      |       |       |       |    27 ||    27
       Recall Undead Sla |       |       |       |     1 ||     1
Evoke: Wand              |       |       |       |     5 ||     5
       Sack of spiders   |       |       |       |     1 ||     1
  Use: Scroll            |       |       |    21 |    14 ||    35
       Potion            |       |       |     1 |     8 ||     9
 Stab: Distracted        |       |     1 |     2 |     7 ||    10
  Eat: Chunk             |       |     6 |     3 |     2 ||    11
       Beef jerky        |       |     1 |     2 |     2 ||     5
       Pizza             |       |       |     2 |     1 ||     3
       Royal jelly       |       |       |     1 |     1 ||     2
       Bread ration      |       |       |     1 |     4 ||     5
       Meat ration       |       |       |     1 |     1 ||     2
Armor: Leather armour    |    30 |    29 |       |       ||    59
       Ring mail         |       |    62 |   157 |    26 ||   245
       Robe              |       |    11 |     2 |       ||    13
       Swamp dragon scal |       |       |       |   200 ||   200
Dodge: Dodged            |    88 |   159 |   321 |   484 ||  1052
